 Dungeon Crawl Stone Soup version 0.18.1-1-g2f07953 (webtiles) character file.

318420 unimpressed the Warrior (level 20, -1/193 HPs)
             Began as a Minotaur Fighter on May 16, 2016.
             Was the Champion of Okawaru.
             Killed from afar by a deep elf mage (27 damage)
             ... with a shard of ice
             ... on level 3 of the Elven Halls on May 17, 2016.
             The game lasted 02:40:19 (48670 turns).

unimpressed the Warrior (Minotaur Fighter)         Turns: 48670, Time: 02:40:19

Health: -1/193     AC: 37    Str: 25      XL:     20   Next: 57%
Magic:  29/29      EV: 14    Int:  4 (5)  God:    Okawaru [******]
Gold:   3441       SH: 16    Dex: 22      Spells: 0 memorised, 19 levels left

rFire  . . .     SeeInvis .     i - +4 demon blade (vamp)
rCold  . . .     Gourm    +     I - +2 crystal plate armour
rNeg   . . .     Faith    .     p - +0 shield {reflect}
rPois  .         Spirit   .     K - +0 hat {MR+}
rElec  +         Dismiss  .     a - +0 cloak of Pekig {+Blink rElec Str+2}
rCorr  .         Reflect  +     l - +1 pair of gloves {Dex+3}
SustAt .         Harm     .     H - +2 pair of boots "Qarasu" {+Fly}
MR     ++++.                    k - amulet of the gourmand
Stlth  ..........               j - ring of protection from magic
                                r - ring of Duihufuf {MR+ Dex+2}

@: incredibly resistant to hostile enchantments, extremely unstealthy
A: retaliatory headbutt, horns 2
a: Heroism, Finesse, Renounce Religion, Evoke Blink, Evoke Flight
}: 2/15 runes: decaying, serpentine


You were on level 3 of the Elven Halls.
You worshipped Okawaru.
Okawaru was exalted by your worship.
You were completely stuffed.

You visited 7 branches of the dungeon, and saw 37 of its levels.

You collected 3602 gold pieces.
You spent 161 gold pieces at shops.

Inventory:

Hand Weapons
 i - a +4 vampiric demon blade (weapon)
Missiles
 S - 11 poisoned javelins (quivered)
Armour
 a - the +0 cloak of Pekig (worn) {+Blink rElec Str+2}
   (Okawaru gifted it to you on level 7 of the Lair of Beasts)

   It affects your strength (+2).
   It insulates you from electricity.
   It lets you blink.
 c - a +0 pair of boots of stealth
 l - a +1 pair of gloves of dexterity (worn)
 p - a +0 shield of reflection (worn)
 H - the +2 pair of boots "Qarasu" (worn) {+Fly}
   (Okawaru gifted it to you on level 2 of the Snake Pit)

   It lets you fly.
 I - a +2 crystal plate armour (worn)
 K - a +0 hat of magic resistance (worn)
Jewellery
 g - the ring of Rankihu {rElec rC+ rN+ Int+2}
   (You found it on level 1 of the Swamp)

   [ring of positive energy]

   It affects your intelligence (+2).
   It protects you from cold.
   It insulates you from electricity.
   It protects you from negative energy.
 j - a ring of protection from magic (right hand)
 k - an amulet of the gourmand (around neck)
 r - the ring of Duihufuf (left hand) {MR+ Dex+2}
   (You found it on level 8 of the Lair of Beasts)

   [ring of dexterity]

   It affects your dexterity (+2).
   It affects your resistance to hostile enchantments.
 W - an uncursed ring of poison resistance
Wands
 m - a wand of paralysis (8/24)
 E - a wand of paralysis (3/24)
 G - a wand of acid (8/15)
 J - a wand of digging (9/24)
 N - a wand of acid (3/15)
 Q - a wand of teleportation (4/9)
 Z - a wand of iceblast (11/15)
Scrolls
 n - a scroll of blinking
 u - 13 scrolls of teleportation
 w - a scroll of magic mapping
 y - 6 scrolls of remove curse
 z - 2 scrolls of holy word
 B - a scroll of enchant armour
 D - 6 scrolls of fog
 M - 2 scrolls of recharging
 T - 6 scrolls of fear
 X - 12 scrolls of identify
Potions
 b - 4 potions of cancellation
 d - 5 potions of might
 e - 2 potions of resistance
 v - a potion of magic {unknown}
 x - 4 potions of flight
 A - 10 potions of curing
 F - 4 potions of agility
 L - 4 potions of brilliance
 O - 2 potions of berserk rage
 P - 2 potions of invisibility
 U - 6 potions of lignification
 Y - a potion of ambrosia
Books
 t - the Disquisition on Summoning
   (You found it on level 1 of the Elven Halls)

   Spells                             Type                      Level
   a - Summon Butterflies             Summoning                    1
   b - Summon Ice Beast               Ice/Summoning                4
   c - Summon Lightning Spire         Summoning/Air                4
   d - Spellforged Servitor           Conjuration/Summoning        7
 C - a book of Debilitation

   Spells                             Type                      Level
   a - Corona                         Hexes                        1
   b - Slow                           Hexes                        2
   c - Gell's Gravitas                Hexes/Translocation          3
   d - Inner Flame                    Hexes/Fire                   3
   e - Cause Fear                     Hexes                        4
   f - Leda's Liquefaction            Hexes/Earth                  4
Miscellaneous
 f - a box of beasts
Comestibles
 h - 28 fruits
 o - 4 bread rations
 q - 2 meat rations
 R - 6 chunks of flesh


   Skills:
 + Level 20.3 Fighting
 - Level 17.5 Long Blades
 + Level 20.1 Armour
 + Level 10.9 Dodging
 + Level 16.6 Shields
 - Level 11.0 Invocations
 - Level 13.8 Evocations


You had 19 spell levels left.
You didn't know any spells.

Dungeon Overview and Level Annotations

Branches:
Dungeon (15/15)            Temple (1/1) D:4            Lair (8/8) D:10
  Swamp (4/4) Lair:5        Snake (4/4) Lair:6        Slime (0/6) Lair:8
    Orc (2/2) D:9             Elf (3/3) Orc:2        Vaults (0/5) D:13
 Depths (0/5) D:15

Altars:
Ashenzari
Cheibriados
Dithmenos
Elyvilon
Fedhas
Gozag
Kikubaaqudgha
Makhleb
Nemelex Xobeh
Okawaru
Pakellas
Qazlal
Ru
Sif Muna
Trog
Vehumet
Xom
Yredelemnul
Zin
The Shining One
Beogh

Shops:
Orc:2 }[((   Elf:2 ?[[%

Annotations:
D:11 2 runed doors


Innate Abilities, Weirdness & Mutations

You reflexively headbutt those who attack you in melee.
You have a pair of horns on your head.


Message History

You closely miss the deep elf mage. You headbutt the deep elf mage!
The deep elf mage is almost dead.
The deep elf knight gestures at you while chanting.
The stone arrow misses you.
The deep elf archer shoots an arrow.
The arrow hits you!
* * * LOW HITPOINT WARNING * * *
You hit the deep elf mage.
You feel better.
You headbutt the deep elf mage.
You kill the deep elf mage!
Okawaru accepts your kill.
The deep elf mage gestures wildly while chanting.
You block the deep elf mage's attack.
You closely miss the deep elf archer.
The deep elf archer shoots an arrow.
The arrow hits you!
* * * LOW HITPOINT WARNING * * *
The deep elf archer shoots an arrow.
The arrow closely misses you.
You closely miss the deep elf archer. You headbutt the deep elf archer.
The deep elf archer is lightly wounded.
The deep elf mage gestures at you while chanting.
The shard of ice hits you!
You die...

#.....## ##...##
#.##
###############+ +#
##................
##.................
#..................
+..................
#eeee..............
#@)e..............
##...Y............
#...............
####+#####.....
#..... #.....
#..... ..### #.....
.(.. +.....


You could see 2 deep elf archers, a deep elf knight, 2 deep elf magi and an ice
beast.

Vanquished Creatures
  Vashnia (Snake:2)
  Saint Roka (Snake:2)
  Nikola (Swamp:1)
  A deep elf blademaster (Elf:3)
  Agnes (Snake:2)
  Frances (Snake:1)
  7 thorn hunters
  6 greater nagas
  Maud (Lair:6)
  Donald (Swamp:1)
  Aizul (Swamp:4)
  2 orc warlords (Orc:2)
  Louise (Swamp:2)
  A deep elf elementalist (Elf:2)
  A deep elf demonologist (Elf:1)
  Azrael (Snake:2)
  A deep elf annihilator (Elf:1)
  2 fire dragons
  A yaktaur captain (D:15)
  Snorg (D:12)
  2 deep elf death magi
  An ice dragon (Lair:8)
  Josephine (D:11)
  19 naga warriors
  21 hydras
  2 catoblepae
  5 centaur warriors
  Erica (Orc:1)
  17 anacondas
  A ghost crab (Swamp:4)
  22 dancing weapons
  10 alligators
  15 naga sharpshooters
  11 shock serpents
  2 tengu warriors (D:14)
  4 orc high priests (Orc:2)
  13 deep elf knights
  Sonja (D:11)
  4 salamander mystics
  A deep troll (D:13)
  3 unseen horrors
  8 sea snakes (Snake:4)
  A skeletal warrior (D:10)
  9 hill giants
  12 swamp dragons
  A spriggan druid (Swamp:3)
  2 shambling mangroves
  8 deep elf archers
  10 naga ritualists
  A phantasmal warrior (D:13)
  10 orc knights
  2 hornets
  A lindwurm (Lair:8)
  A griffon (Lair:4)
  7 orc sorcerers (Orc:2)
  12 mana vipers
  9 ugly things
  A necromancer (D:10)
  4 cyclopes
  53 deep elf magi
  A manticore (D:15)
  11 salamanders
  Maurice (D:11)
  46 black mambas
  9 guardian serpents
  20 naga magi
  6 torpor snails
  19 spiny frogs
  3 gargoyles
  3 kobold demonologists
  8 rime drakes
  14 centaur skeletons
  6 komodo dragons
  4 yaktaurs (D:15)
  A spiny frog (shapeshifter) (D:13)
  11 giant leeches
  8 polar bears (Lair:8)
  11 trolls
  2 two-headed ogres (Orc:2)
  21 slime creatures
  33 blink frogs
  10 bog bodies
  4 raiju (Lair:8)
  A centaur simulacrum (D:14)
  2 flying skulls (D:10)
  5 shadows
  43 yaks
  An air elemental (Elf:3)
  12 spriggans
  6 wyverns
  9 wraiths
  2 water elementals
  3 hill giant zombies (D:9)
  4 fire elementals
  A human (D:7)
  6 hippogriffs
  3 basilisks
  Grum (D:11)
  2 hungry ghosts (D:13)
  17 vampire mosquitoes
  15 insubstantial wisps
  56 nagas
  22 swamp worms
  3 mottled dragons
  15 wargs
  A soldier ant (shapeshifter) (D:13)
  22 water moccasins
  8 hell hounds
  15 black bears
  3 porcupines
  2 ice beasts
  60 orc warriors
  23 wasps
  4 phantoms
  11 swamp drakes
  5 necrophages
  6 sky beasts
  20 wolves
  26 ogres
  2 eyes of draining (D:13)
  A boggart (D:11)
  6 centaurs
  16 crocodiles
  5 big kobolds
  19 giant frogs
  An earth elemental (Elf:3)
  A wyvern zombie (D:15)
  3 scorpions
  13 killer bees
  2 troll zombies (D:9)
  7 howler monkeys
  22 wights
  4 electric eels
  8 crimson imps
  A jelly (D:14)
  4 centaur zombies
  3 giant frog zombies
  39 orc priests
  15 hounds
  5 giant frog skeletons
  Natasha (thrice) (D:3)
  4 iguanas
  24 orc wizards
  13 worker ants
  11 sheep
  3 ogre zombies (D:9)
  2 hound zombies (D:10)
  2 hound skeletons
  2 howler monkey zombies
  6 gnolls
  2 howler monkey skeletons
  2 worker ant zombies
  16 adders
  46 river rats
  5 shadow imps
  2 adder skeletons
  36 worms
  2 dart slugs (D:2)
  4 giant geckos
  117 orcs
  3 ball pythons
  6 bats
  7 giant cockroaches
  5 goblins
  7 hobgoblins
  16 jackals
  8 quokkas
  A giant gecko zombie (D:7)
  3 giant newts
  2 goblin skeletons (D:9)
  A goblin zombie (D:9)
  3 hobgoblin zombies (D:9)
  A jackal skeleton (D:5)
  18 kobolds
  4 orc skeletons (D:9)
  15 orc zombies (D:9)
  A quokka skeleton (D:5)
  A quokka zombie (D:3)
  11 rats
  2 briar patches (Swamp:2)
  A plant (Lair:8)
1623 creatures vanquished.

Vanquished Creatures (others)
  A deep elf elementalist (Elf:3)
  3 naga sharpshooters
  2 deep elf archers
  3 deep elf magi
  A fire elemental (Snake:2)
  3 nagas
  An orc priest (Orc:2)
  An orc (Orc:1)
  8 briar patches
  A fire vortex (Lair:6)
  24 fungi
  33 plants
81 creatures vanquished.

Grand Total: 1704 creatures vanquished

Notes
Turn   | Place    | Note
--------------------------------------------------------------
     0 | D:1      | unimpressed the Minotaur Fighter began the quest for the Orb.
     0 | D:1      | Reached XP level 1. HP: 19/19 MP: 0/0
    81 | D:1      | Reached XP level 2. HP: 23/26 MP: 1/1
   700 | D:2      | Reached XP level 3. HP: 31/31 MP: 2/2
   857 | D:2      | Reached skill level 5 in Long Blades
   971 | D:2      | Reached XP level 4. HP: 34/39 MP: 3/3
  1394 | D:3      | Noticed Natasha
  1422 | D:3      | Killed Natasha
  1636 | D:3      | Noticed Natasha
  1650 | D:3      | Killed Natasha
  1650 | D:3      | Reached XP level 5. HP: 29/45 MP: 4/4
  1906 | D:3      | Noticed Natasha
  1912 | D:3      | Killed Natasha
  2192 | D:4      | Reached XP level 6. HP: 49/51 MP: 5/5
  2273 | D:4      | Found a staircase to the Ecumenical Temple.
  2282 | Temple   | Entered the Ecumenical Temple
  2291 | Temple   | Became a worshipper of Warmaster Okawaru
  2923 | D:5      | Entered Level 5 of the Dungeon
  3069 | D:5      | Reached * piety under Okawaru
  3094 | D:5      | Reached XP level 7. HP: 57/57 MP: 6/6
  3124 | D:5      | Found a stormy altar of Qazlal.
  3496 | D:5      | Reached skill level 10 in Long Blades
  3879 | D:6      | Reached XP level 8. HP: 65/67 MP: 7/7
  3962 | D:6      | Reached skill level 1 in Invocations
  3965 | D:6      | Reached skill level 5 in Fighting
  3971 | D:6      | Reached ** piety under Okawaru
  3971 | D:6      | Reached skill level 5 in Armour
  5135 | D:7      | Reached *** piety under Okawaru
  5135 | D:7      | Reached XP level 9. HP: 49/78 MP: 10/10
  6285 | D:8      | Found a sparkling altar of Nemelex Xobeh.
  6423 | D:8      | Reached **** piety under Okawaru
  6888 | D:9      | Reached skill level 5 in Invocations
  7169 | D:9      | Reached XP level 10. HP: 63/90 MP: 12/12
  7336 | D:9      | Found a staircase to the Orcish Mines.
  8259 | D:9      | Reached ***** piety under Okawaru
  8389 | D:9      | Found a glowing silver altar of Zin.
  8791 | D:10     | Entered Level 10 of the Dungeon
  8791 | D:10     | Noticed a hill giant
  8798 | D:10     | Noticed a gargoyle
  8808 | D:9      | Killed a hill giant
  8830 | D:10     | Killed a gargoyle
  9083 | D:10     | Noticed a necromancer
  9118 | D:10     | Received a gift from Okawaru
  9125 | D:10     | Killed a necromancer
  9189 | D:10     | Reached XP level 11. HP: 96/99 MP: 15/15
  9210 | D:10     | Reached skill level 10 in Fighting
  9257 | D:10     | Noticed a skeletal warrior
  9268 | D:10     | Killed a skeletal warrior
  9268 | D:10     | Reached skill level 10 in Armour
  9272 | D:10     | Received a gift from Okawaru
  9690 | D:10     | Noticed a hill giant
  9691 | D:10     | Found a staircase to the Lair.
  9707 | D:10     | Killed a hill giant
 10222 | D:10     | Noticed a hill giant
 10230 | D:10     | Killed a hill giant
 10287 | D:10     | Killed an unseen horror
 10320 | D:10     | Noticed a hill giant
 10337 | D:10     | Killed a hill giant
 10983 | Lair:1   | Entered Level 1 of the Lair of Beasts
 12132 | Lair:1   | Reached XP level 12. HP: 79/110 MP: 17/17
 12317 | Lair:1   | Noticed a six-headed hydra
 12329 | Lair:1   | Killed a 12-headed hydra
 12329 | Lair:1   | Received a gift from Okawaru
 12753 | Lair:2   | Noticed a seven-headed hydra
 12768 | Lair:2   | Killed a 12-headed hydra
 12768 | Lair:2   | Received a gift from Okawaru
 13854 | Lair:3   | Noticed a six-headed hydra
 13870 | Lair:3   | Killed a ten-headed hydra
 15391 | Lair:5   | Noticed an eight-headed hydra
 15475 | Lair:5   | Killed a 15-headed hydra
 15554 | Lair:5   | Noticed a six-headed hydra
 15568 | Lair:5   | Killed a 13-headed hydra
 15568 | Lair:5   | Reached skill level 15 in Long Blades
 15735 | Lair:5   | Found a staircase to the Swamp.
 15920 | Lair:5   | Reached skill level 10 in Invocations
 16170 | Lair:5   | Received a gift from Okawaru
 16170 | Lair:5   | Reached XP level 13. HP: 114/119 MP: 19/19
 17230 | Lair:6   | Noticed Maud
 17241 | Lair:6   | Killed Maud
 17320 | Lair:6   | Found a staircase to the Snake Pit.
 19684 | Lair:7   | Received a gift from Okawaru
 19685 | Lair:7   | Got an ichor-stained cloak {god gift}
 19696 | Lair:7   | Identified the +0 cloak of Pekig {+Blink rElec Str+2} (Okawaru gifted it to you on level 7 of the Lair of Beasts)
 20299 | Lair:8   | Entered Level 8 of the Lair of Beasts
 20304 | Lair:8   | Reached skill level 1 in Evocations
 20617 | Lair:8   | Found a runed door.
 20869 | Lair:8   | Reached skill level 5 in Shields
 21126 | Lair:8   | Reached XP level 14. HP: 111/132 MP: 21/21
 21321 | Lair:8   | Got a slimy tin ring
 21323 | Lair:8   | Identified the ring of Duihufuf {MR+ Dex+2} (You found it on level 8 of the Lair of Beasts)
 21498 | Lair:8   | Found a staircase to the Slime Pits.
 22246 | Lair:8   | Received a gift from Okawaru
 23150 | Orc:1    | Entered Level 1 of the Orcish Mines
 23222 | Orc:1    | Noticed Erica
 23246 | Orc:1    | Killed Erica
 23403 | Orc:2    | Entered Level 2 of the Orcish Mines
 23797 | Orc:2    | Found a roughly hewn altar of Beogh.
 23812 | Orc:2    | Found Ricocs Ciqu's Gadget Boutique.
 24075 | Orc:2    | Found Baupruydd's Armour Shop.
 24104 | Orc:2    | Reached skill level 5 in Evocations
 24989 | Orc:2    | Noticed an orc warlord
 24992 | Orc:2    | Found a roughly hewn altar of Beogh.
 25038 | Orc:2    | Killed an orc warlord
 25412 | Orc:1    | Noticed an orc warlord
 25911 | Orc:2    | Received a gift from Okawaru
 26136 | Orc:2    | Found Puwkat's Weapon Shop.
 26170 | Orc:2    | Found Yseur's Weapon Shoppe.
 26432 | Orc:2    | Reached skill level 15 in Fighting
 26659 | Orc:2    | Received a gift from Okawaru
 27085 | Orc:2    | Found a staircase to the Elven Halls.
 27319 | Orc:2    | Reached XP level 15. HP: 123/141 MP: 22/22
 27524 | Orc:2    | Killed an orc warlord
 27988 | D:10     | Reached skill level 15 in Armour
 28215 | D:11     | Got a pitted hat
 28221 | D:11     | Identified the cursed -4 hat of Durhytaq {Str+6} (You found it on level 11 of the Dungeon)
 28303 | D:11     | Noticed Josephine
 28311 | D:11     | Killed Josephine
 28349 | D:11     | Noticed Sonja
 28365 | D:11     | Killed Sonja
 28393 | D:11     | Noticed Grum
 28399 | D:11     | Killed Grum
 28426 | D:11     | Found a large runed door.
 28431 | D:11     | Found a large runed door.
 28502 | D:11     | Found a large runed door.
 28502 | D:11     | Found a large runed door.
 28529 | D:11     | Noticed Maurice
 28547 | D:11     | Killed Maurice
 28814 | D:11     | Reached skill level 10 in Evocations
 28814 | D:11     | Reached XP level 16. HP: 149/149 MP: 23/23
 29517 | D:12     | Noticed Snorg
 29529 | D:12     | Killed Snorg
 30109 | D:13     | Reached ****** piety under Okawaru
 30259 | D:13     | Found a gate to the Vaults.
 30680 | D:13     | Received a gift from Okawaru
 31675 | D:14     | Found a white marble altar of Elyvilon.
 31765 | D:14     | Found a bloodstained altar of Trog.
 33000 | Lair:8   | Reached skill level 10 in Shields
 33323 | D:15     | Entered Level 15 of the Dungeon
 33754 | D:15     | Identified a scroll of acquirement
 34020 | D:15     | Got a pair of scorched gloves
 34031 | D:15     | Identified the +4 pair of gloves of the Jackalope {-Tele rF+ rC+ rN+} (You acquired it on level 15 of the Dungeon)
 34083 | D:15     | Found a sparkling altar of Nemelex Xobeh.
 34166 | D:15     | Received a gift from Okawaru
 34708 | D:15     | Reached XP level 17. HP: 129/158 MP: 25/25
 34816 | D:15     | Found a staircase to the Depths.
 35118 | Swamp:1  | Entered Level 1 of the Swamp
 35506 | Swamp:1  | Got a clouded lead ring
 35513 | Swamp:1  | Identified the ring of Rankihu {rElec rC+ rN+ Int+2} (You found it on level 1 of the Swamp)
 35701 | Swamp:1  | Noticed Nikola
 35716 | Swamp:1  | Killed Nikola
 35723 | Swamp:1  | Noticed Donald
 35741 | Swamp:1  | Killed Donald
 35859 | Swamp:1  | You fall through a shaft!
 36602 | Swamp:2  | Noticed Louise
 36640 | Swamp:2  | Killed Louise
 38144 | Swamp:3  | Received a gift from Okawaru
 38692 | Swamp:4  | Entered Level 4 of the Swamp
 39031 | Swamp:4  | Noticed Aizul
 39090 | Swamp:4  | Reached XP level 18. HP: 165/170 MP: 27/27
 39096 | Swamp:4  | Received a gift from Okawaru
 39293 | Swamp:4  | Killed Aizul
 39306 | Swamp:4  | Received a gift from Okawaru
 39915 | Swamp:4  | Got a decaying rune of Zot
 40077 | Snake:1  | Entered Level 1 of the Snake Pit
 40102 | Snake:1  | Reached skill level 1 in Dodging
 40579 | Snake:1  | Found an opulent altar of Gozag.
 40795 | Snake:1  | Received a gift from Okawaru
 41135 | Snake:2  | Noticed Vashnia
 41137 | Snake:2  | Noticed Frances
 41162 | Snake:1  | Killed Frances
 41370 | Snake:2  | Killed Vashnia
 41740 | Snake:2  | Noticed Saint Roka
 41758 | Snake:2  | Killed Saint Roka
 41758 | Snake:2  | Received a gift from Okawaru
 41758 | Snake:2  | Reached skill level 5 in Dodging
 41783 | Snake:2  | Got a pair of slimy boots {god gift}
 41794 | Snake:2  | Identified the +2 pair of boots "Qarasu" {+Fly} (Okawaru gifted it to you on level 2 of the Snake Pit)
 42037 | Snake:2  | Noticed Azrael
 42071 | Snake:2  | Killed Azrael
 42224 | Snake:2  | Noticed Agnes
 42240 | Snake:2  | Killed Agnes
 42882 | Snake:3  | Found a shimmering altar of Xom.
 42937 | Snake:3  | Reached XP level 19. HP: 181/181 MP: 28/28
 43376 | Snake:3  | Received a gift from Okawaru
 43493 | Snake:4  | Entered Level 4 of the Snake Pit
 43665 | Snake:4  | Got a spiked plate armour
 43735 | Snake:4  | Identified the cursed +1 plate armour of the Bulwark {Str+6} (You took it off a salamander on level 4 of the Snake Pit)
 44046 | Snake:4  | Reached skill level 15 in Shields
 45097 | Snake:4  | Received a gift from Okawaru
 45400 | Snake:4  | Got a serpentine rune of Zot
 45838 | Elf:1    | Entered Level 1 of the Elven Halls
 46216 | Elf:1    | Reached XP level 20. HP: 191/193 MP: 29/29
 46313 | Elf:1    | Found a deep blue altar of Sif Muna.
 46537 | Elf:1    | Identified the Disquisition on Summoning
 46936 | Elf:2    | Found Ycruasathri's Magic Scroll Shoppe.
 47161 | Elf:2    | Bought a scroll of enchant armour for 105 gold pieces
 47161 | Elf:2    | Bought a scroll of identify for 28 gold pieces
 47161 | Elf:2    | Bought a scroll of identify for 28 gold pieces
 47173 | Elf:2    | Found Guaczigh's Antique Armour Shoppe.
 47192 | Elf:2    | Reached skill level 10 in Dodging
 47323 | Elf:2    | Found a runed gate.
 47323 | Elf:2    | Found a runed gate.
 47325 | Elf:2    | Found a runed gate.
 47360 | Elf:2    | Found Enyethy's Antique Armour Emporium.
 47390 | Elf:2    | Received a gift from Okawaru
 47436 | Elf:2    | Found Qozuu's Food Shoppe.
 48335 | Elf:3    | Entered Level 3 of the Elven Halls
 48664 | Elf:3    | HP: 9/193 [deep elf master archer/arrow (10)]
 48670 | Elf:3    | Killed from afar by a deep elf mage

Skill      XL: |  1  2  3  4  5  6  7  8  9 10 11 12 13 14 15 16 17 18 19 20 |
---------------+-------------------------------------------------------------+-----
Long Blades    | 3 4 5 6 7 9 10 11 12 13 14 15 16 17 | 17.5
Fighting       | 4 6 8 9 11 12 14 15 16 17 18 19 20 | 20.3
Armour         | 4 6 8 9 11 12 13 14 15 16 17 18 19 20 | 20.1
Invocations    | 3 5 7 8 10 11 | 11.0
Shields        | 5 8 10 12 14 15 16 | 16.6
Evocations     | 2 6 10 12 13 | 13.8
Dodging        | 6 9 10 | 10.9

Action                   |  1- 3 |  4- 6 |  7- 9 | 10-12 | 13-15 | 16-18 | 19-21 || total
-------------------------+-------+-------+-------+-------+-------+-------+-------++-------
Melee: Long sword        |   108 |   157 |   404 |   704 |  1640 |    21 |       ||  3034
       Headbutt          |    12 |    24 |    97 |   193 |   457 |   702 |   428 ||  1913
       Mace              |       |       |       |     4 |       |       |       ||     4
       Scimitar          |       |       |       |       |       |   455 |       ||   455
       Demon blade       |       |       |       |       |       |  1566 |  1332 ||  2898
Throw: Javelin           |       |       |       |     2 |     4 |       |       ||     6
Invok: Heroism           |       |       |       |     2 |     7 |     5 |       ||    14
       Finesse           |       |       |       |     1 |     2 |     4 |       ||     7
 Abil: Evoke Blink       |       |       |       |       |     2 |       |       ||     2
       Evoke Flight      |       |       |       |       |     1 |       |     1 ||     2
Evoke: Wand              |       |       |       |     6 |     8 |     2 |     1 ||    17
  Use: Scroll            |       |    16 |     5 |    11 |     7 |    11 |     2 ||    52
       Potion            |       |       |       |       |     3 |     1 |     4 ||     8
 Stab: Paralysed         |       |       |       |    33 |     3 |     3 |       ||    39
       Confused          |       |       |       |       |       |     2 |       ||     2
  Eat: Chunk             |       |     7 |    11 |    26 |    60 |    54 |    20 ||   178
       Royal jelly       |       |       |     1 |     1 |       |       |       ||     2
       Beef jerky        |       |       |       |     1 |       |       |       ||     1
Armor: Scale mail        |    36 |     2 |       |       |       |       |       ||    38
       Plate armour      |       |    77 |   191 |   279 |   371 |       |       ||   918
       Crystal plate arm |       |       |       |       |   465 |   958 |   687 ||  2110
Dodge: Dodged            |    29 |    15 |    43 |   101 |   210 |   314 |   400 ||  1112
Block: Shield            |    60 |    74 |   168 |   265 |   799 |  1081 |   909 ||  3356
       Reflection        |       |       |       |       |       |    39 |   104 ||   143
